[Event "*** Titled Tuesday Blitz"]
[Site "Chess.com"]
[Date "2020.01.07"]
[Round "7"]
[White "goldenspine"]
[Black "ehrenfeld"]
[Result "0-1"]
[WhiteElo "2350"]
[BlackElo "2540"]
[TimeControl "180+2"]
[EndTime "14:35:08 PST"]
[Termination "ehrenfeld won on time"]

1. d4 f5 2. Nf3 Nf6 3. g3 g6 4. Bg2 Bg7 5. O-O O-O 6. c4 d6 7.
Nc3 c6 8. Qc2 Na6 9. a3 Nc7 10.
Bd2 Nh5 11. e4 f4 12. Rae1 fxg3 13. hxg3 Bg4 14. Nh2 Bd7 15. e5 Bf5 16. Qb3 Qc8 17. exd6 exd6 18. Re7 Bf6 19. Rxc7 Qxc7 20. g4 Bd3 21.
Re1 Bxd4 22. Be3 Bxe3 23. fxe3 Ng3 24. Nb5 Qf7 25. Nf3 Bxc4 0-1

[Event "*** Titled Tuesday Blitz"]
[Site "Chess.com"]
[Date "2020.01.07"]
[Round "7"]
[White "Rhinos1"]
[Black "dawtonlms"]
[Result "0-1"]
[WhiteElo "2139"]
[BlackElo "2349"]
[TimeControl "180+2"]
[EndTime "14:35:09 PST"]
[Termination "dawtonlms won by checkmate"]

1. e4 e6 2. d3 d5 3. Nd2 c5 4. g3 Nf6 5. Bg2 Nc6 6. Ngf3 Be7 7. O-O b6 8. c3 Bb7 9. Qc2 O-O 10. Re1 Rc8 11.
h3 b5 12. a3 a5 13. Nf1 b4 14. axb4 axb4 15. Qe2 bxc3 16. bxc3 d4 17. Bd2 dxc3 18. Bxc3 Nd4 19. Bxd4 cxd4 20. g4 h6 21. Ng3 Rc3 22. Ra7 Qb6 23. Raa1 Rfc8 24. Rab1 Qa7 25. h4 Ba6 26. g5 Bxd3 27. Qd2 hxg5 28. Qxg5 Nxe4 29.
Qe5 Nxg3 30. fxg3 Bxb1 31. Rxb1 Bf6 32. Qd6 Qa2 33. Kh2 Rxf3 34. Qd7 Rfc3 35. Rb7 e5 36. g4 Rc2 37. Qd5 Qxd5 38. Rxf7 Qxg2# 0-1

[Event "*** Titled Tuesday Blitz"]
[Site "Chess.com"]
[Date "2020.01.07"]
[Round "7"]
[White "enzovsky"]
[Black "kingofthenil"]
[Result "0-1"]
[WhiteElo "2252"]
[BlackElo "2480"]
[TimeControl "180+2"]
[EndTime "14:35:11 PST"]
[Termination "kingofthenil won on time"]

1. e4 Nc6 2. Nf3 d6 3. d4 Nf6 4. Nc3 g6 5. h3 Bg7 6. Be3 O-O 7. Qd2 a6 8. O-O-O b5 9. a3 Bb7 10. Bh6 b4 11. axb4 Nxb4 12. Bxg7 Kxg7 13. Qf4 c5 14. dxc5 Qa5 15. e5 dxe5 16. Qxe5 Rfd8 17. Bc4 Qa1+ 18. Nb1 Bd5 19. Bxd5 Rxd5 20. Rxd5 Nxd5 21. b3 Qa5 22. Rd1 Qxc5 23. Kb2 Rc8 24. Rd2 a5 25. c4 a4 26.
cxd5 Qc1+ 27. Ka2 axb3+ 28. Kxb3 Rb8+ 29. Qxb8 Qxb1+ 30. Kc3 Qxb8 0-1

[Event "*** Titled Tuesday Blitz"]
[Site "Chess.com"]
[Date "2020.01.07"]
[Round "7"]
[White "Caracternin123"]
[Black "vanea_03"]
[Result "1-0"]
[WhiteElo "2536"]
[BlackElo "2676"]
[TimeControl "180+2"]
[EndTime "14:35:29 PST"]
[Termination "Caracternin123 won by resignation"]

1. d4 Nf6 2. Nf3 d5 3. Bf4 c5 4.
e3 Nc6 5. Nbd2 e6 6. c3 cxd4 7. exd4 Nh5 8. Bg5 f6 9. Bh4 Bd6 10. Ne5 g6 11. Nxc6 bxc6 12. g3 O-O 13. Be2 Ng7 14.
g4 Bf4 15. O-O Qd6 16. Bg3 Rb8 17. Nb3 f5 18. Qc2 h5 19. gxh5 gxh5 20. Nc5 h4 21. Bxh4 Bxh2+ 22. Kg2 e5 23. Rh1 Bf4 24. Rag1 e4 25. Kf1 Be6 26. f3 Rbc8 27. Bd1 Rc7 28.
Rg6 Re8 29. Bf6 Bf7 30. Rxg7+ 1-0

[Event "*** Titled Tuesday Blitz"]
[Site "Chess.com"]
[Date "2020.01.07"]
[Round "7"]
[White "ChessBitl"]
[Black "albi1999"]
[Result "1-0"]
[WhiteElo "2380"]
[BlackElo "2512"]
[TimeControl "180+2"]
[EndTime "14:35:31 PST"]
[Termination "ChessBitl won by resignation"]

1. e4 c6 2. d4 d5 3. Nd2 dxe4 4.
Nxe4 Nf6 5. Nxf6+ exf6 6. Bc4 Bd6 7. Qh5 O-O 8. Ne2 Nd7 9. Be3 b5 10. Bd3 g6 11. Qf3 Bb7 12. h4 Re8 13. O-O-O Qc7 14. h5 c5 15. Qh3 Nf8 16. hxg6 fxg6 17. Bxb5 Rec8 18. Bc4+ Kh8 19. Bh6 cxd4 20. Bxf8 Rxf8 21. Nxd4 Bc8 22. Be6 Be5 23. Kb1 Rb8 24. f4 Bxd4 25. Rxd4 Bxe6 26. Qxe6 Qc3 27. Rxh7+ Kxh7 28. Qe7+ Kg8 29.
Qe6+ Kh8 30. Qh3+ Kg8 31. Qxc3 1-0

[Event "*** Titled Tuesday Blitz"]
[Site "Chess.com"]
[Date "2020.01.07"]
[Round "7"]
[White "snowlord"]
[Black "Szczor"]
[Result "1-0"]
[WhiteElo "2767"]
[BlackElo "2595"]
[TimeControl "180+2"]
[EndTime "14:35:33 PST"]
[Termination "snowlord won by resignation"]

1. e4 c5 2. Nf3 d6 3. d4 cxd4 4.
Nxd4 Nf6 5. Nc3 a6 6. Be3 e6 7. f3 b5 8. Qd2 Nbd7 9. g4 Nb6 10.
g5 Nfd7 11. a4 b4 12. Na2 a5 13. Bb5 Bb7 14. c3 d5 15. cxb4 axb4 16. Nxb4 Bxb4 17.
Qxb4 dxe4 18. O-O-O Nd5 19. Qd6 Qe7 20. Qxe7+ Kxe7 21. fxe4 Rhc8+ 22. Kd2 Nxe3 23. Kxe3 Nc5 24. Ra1 Nxe4 25.
Rhc1 Nxg5 26. a5 g6 27. b4 e5 28. Nc6+ Kf6 29. a6 Bxc6 30. Rxc6+ Ne6 31. Rxc8 Rxc8 32. Bd7 Ra8 33. Bxe6 Kxe6 34. b5 Kd6 35. b6 Kc6 36. b7 Rb8 37. a7 Kxb7 38. axb8=Q+ Kxb8 39. Ke4 f6 40. Rf1 f5+ 41. Kxe5 Kc7 42. Rd1 1-0

[Event "*** Titled Tuesday Blitz"]
[Site "Chess.com"]
[Date "2020.01.07"]
[Round "7"]
[White "yy2324"]
[Black "GMHess"]
[Result "0-1"]
[WhiteElo "2576"]
[BlackElo "2763"]
[TimeControl "180+2"]
[EndTime "14:35:34 PST"]
[Termination "GMHess won by resignation"]

1. e4 d6 2. d4 Nf6 3. Nc3 c6 4. Nf3 Bg4 5. Be2 Nbd7 6. h3 Bxf3 7. Bxf3 e5 8. O-O b5 9. d5 b4 10. Ne2 cxd5 11. exd5 e4 12. Bg4 Ne5 13. Ng3 h6 14. Re1 h5 15. Bf5 g6 16. Bxe4 h4 17. Nf1 Be7 18. f4 Ned7 19. Qd3 Nc5 20. Qb5+ Kf8 21. Bf3 Rb8 22. Qe2 Nfd7 23. Ne3 Bf6 24. Nc4 Na4 25. Nxd6 Qb6+ 26. Kh1 Qxd6 27. Qc4 Kg7 28. Rb1 Rhc8 29. Qe4 Ndc5 30. Qe2 Re8 31. Be3 Nxb2 32. Bxc5 Qxc5 33. Qxe8 Rxe8 34. Rxe8 Qxc2 35. Rbe1 Nd3 36. Rd1 Nf2+ 0-1

[Event "*** Titled Tuesday Blitz"]
[Site "Chess.com"]
[Date "2020.01.07"]
[Round "7"]
[White "Caisachess"]
[Black "ShahMatKanal"]
[Result "0-1"]
[WhiteElo "2366"]
[BlackElo "2554"]
[TimeControl "180+2"]
[EndTime "14:35:36 PST"]
[Termination "ShahMatKanal won by resignation"]

1. e4 c5 2. c3 Nf6 3. e5 Nd5 4. d4 cxd4 5. Nf3 e6 6. cxd4 b6 7. a3 Be7 8. Bd3 Ba6 9. Bxa6 Nxa6 10. O-O O-O 11. Nfd2 d6 12. Qe2 Nac7 13. Ne4 f5 14. exf6 Bxf6 15. Be3 Qd7 16. Nbc3 Rae8 17. Rac1 Bd8 18.
Rfd1 Nf6 19. Bg5 Nxe4 20. Nxe4 Bxg5 21. Nxg5 h6 22. Qc2 hxg5 23. Qxc7 Qb5 24. Qxd6 Qxb2 25. Qg3 Rd8 26. Qe3 Rf6 27. Kh1 g4 28. Rc7 Qxf2 29.
Qxf2 Rxf2 30. Rxa7 Rxd4 31. Rg1 g3 32. Re7 Rh4 33.
h3 Rxh3+ 0-1

[Event "*** Titled Tuesday Blitz"]
[Site "Chess.com"]
[Date "2020.01.07"]
[Round "7"]
[White "Hrant_ChessMood"]
[Black "Duhless"]
[Result "1/2-1/2"]
[WhiteElo "2942"]
[BlackElo "3111"]
[TimeControl "180+2"]
[EndTime "14:35:49 PST"]
[Termination "Game drawn by agreement"]

1. d4 d5 2. c4 e6 3. Nf3 Nf6 4. Nc3 Bb4 5. Bg5 h6 6. Bxf6 Qxf6 7. e3 O-O 8. Rc1 Nd7 9. Qb3 c5 10. dxc5 a5 11. a3 Nxc5 12. Qc2 Bxc3+ 13. Qxc3 Qxc3+ 14. Rxc3 dxc4 15. Bxc4 b6 16. Nd4 Bb7 17. f3 Rfc8 18.
Bb5 g6 19. O-O e5 20. Nb3 Nxb3 21. Rxb3 Bd5 22. Rd3 Rc5 23. Rxd5 Rxd5 24. Bc6 Rad8 25. Bxd5 Rxd5 26. e4 Rb5 27. Rf2 f5 28. Rc2 fxe4 29. fxe4 Kf7 30. Kf2 Kf6 31. h4 g5 32. Rc6+ Kg7 33.
hxg5 Rxb2+ 34. Kf3 hxg5 35. g3 Rb3+ 36. Kg4 Rxa3 37.
Rxb6 a4 38. Ra6 Kf7 39. Kxg5 Rxg3+ 40. Kf5 1/2-1/2

[Event "*** Titled Tuesday Blitz"]
[Site "Chess.com"]
[Date "2020.01.07"]
[Round "7"]
[White "stoleriu"]
[Black "Quiet_Desperation"]
[Result "0-1"]
[WhiteElo "2543"]
[BlackElo "2392"]
[TimeControl "180+2"]
[EndTime "14:35:49 PST"]
[Termination "Quiet_Desperation won by resignation"]

1. e4 e6 2. d4 d5 3. Nc3 Nf6 4. e5 Nfd7 5. f4 c5 6. Nf3 Nc6 7. Be3 Be7 8. Qd2 a6 9. Be2 cxd4 10. Nxd4 Nxd4 11. Bxd4 f6 12. exf6 Nxf6 13. O-O O-O 14. Bd3 Bd7 15. Rae1 Rc8 16. Kh1 Bc5 17. Be5 Ng4 18.
Qe2 Qh4 19. h3 Nxe5 20. Qxe5 Bf2 21. Re2 Bg3 22. Nxd5 exd5 23. Qxd5+ Rf7 24. Re7 Qxe7 25. Qh5 g6 26. Qf3 Bxf4 27. Qd5 Bc6 28. Qb3 Bb5 29. Bxb5 axb5 30. Rxf4 Rc4 0-1

[Event "*** Titled Tuesday Blitz"]
[Site "Chess.com"]
[Date "2020.01.07"]
[Round "7"]
[White "Marty435"]
[Black "AlexanderKing"]
[Result "1-0"]
[WhiteElo "2373"]
[BlackElo "2534"]
[TimeControl "180+2"]
[EndTime "14:35:51 PST"]
[Termination "Marty435 won by checkmate"]

1. d4 Nf6 2. Bf4 g6 3. Nc3 Bg7 4. e4 d6 5. Qd2 a6 6. Bh6 O-O 7. h4 b5 8. f3 c5 9. d5 e6 10. O-O-O b4 11. Nce2 exd5 12. exd5 Re8 13. h5 Bh8 14. Bg5 Nbd7 15. hxg6 hxg6 16. Nf4 Qa5 17. Kb1 Bg7 18. Ngh3 Nb6 19. Bxf6 Bxf6 20. Nxg6 fxg6 21. Qh6 Bf5 22. Bd3 Bg7 23. Qg5 Na4 24. Bxf5 gxf5 25.
Nf4 Nc3+ 26. bxc3 bxc3 27. Ka1 Reb8 28. Ne6 Ra7 29. Qg6 Rf7 30. Qh7# 1-0

[Event "*** Titled Tuesday Blitz"]
[Site "Chess.com"]
[Date "2020.01.07"]
[Round "7"]
[White "r31415"]
[Black "Mikasinski"]
[Result "1-0"]
[WhiteElo "2479"]
[BlackElo "2296"]
[TimeControl "180+2"]
[EndTime "14:35:51 PST"]
[Termination "r31415 won by checkmate"]

1. e4 e6 2. d4 d5 3. Nc3 Bb4 4. exd5 exd5 5. Bd3 Ne7 6. Qf3 Nbc6 7. Ne2 Be6 8. Be3 Qd7 9. h3 Nf5 10. Bb5 a6 11.
Ba4 b5 12. Bb3 Na5 13. O-O Nc4 14. Bxc4 bxc4 15. a3 Be7 16. Nf4 c6 17. Na4 Rb8 18. Rad1 O-O 19. Bc1 Bd6 20. Rfe1 Rfe8 21. Nh5 Nh4 22. Qc3 Ng6 23. Nc5 Bxc5 24. dxc5 f6 25. Bh6 Bg4 26. hxg4 Qxg4 27. Qxf6 gxf6 28. Nxf6+ Kf7 29. Nxg4 Rxe1+ 30. Rxe1 Rxb2 31. Bg5 Rxc2 32. Nh6+ Kf8 33. Re6 Ra2 34. Rxc6 c3 35. Rc8+ Kg7 36. Rg8# 1-0

[Event "*** Titled Tuesday Blitz"]
[Site "Chess.com"]
[Date "2020.01.07"]
[Round "7"]
[White "1stSecond"]
[Black "MarcoRiehle"]
[Result "0-1"]
[WhiteElo "2829"]
[BlackElo "2679"]
[TimeControl "180+2"]
[EndTime "14:35:55 PST"]
[Termination "MarcoRiehle won by checkmate"]

1. Nf3 Nf6 2. c4 c5 3. Nc3 d5 4. cxd5 Nxd5 5. e3 Nc6 6. Qc2 e5 7. a3 Be6 8. Bb5 f6 9. O-O Rc8 10. d4 cxd4 11. exd4 Nxc3 12. bxc3 Be7 13. dxe5 O-O 14.
exf6 Bxf6 15. Re1 Bd5 16. Be2 Nd4 17. Nxd4 Bxd4 18. Be3 Rxc3 19. Qd2 Bxe3 20. fxe3 Qg5 21. Bg4 Rc5 22. Rac1 Rxc1 23. Rxc1 Bc6 24. Be6+ Kh8 25. Bh3 h6 26. Qd4 Qa5 27. Qc3 Qd5 28. Re1 Rf6 29. e4 Qa2 30. Qd4 Rf4 31. Qd8+ Kh7 32. Bf5+ Rxf5 33. exf5 Qxg2# 0-1

[Event "*** Titled Tuesday Blitz"]
[Site "Chess.com"]
[Date "2020.01.07"]
[Round "7"]
[White "chess3054"]
[Black "lucasran"]
[Result "1-0"]
[WhiteElo "2448"]
[BlackElo "2636"]
[TimeControl "180+2"]
[EndTime "14:35:55 PST"]
[Termination "chess3054 won by checkmate"]

1. e4 c6 2. d4 d5 3. Nd2 dxe4 4.
Nxe4 Bf5 5. Ng3 Bg6 6. Nf3 Nd7 7. h4 h6 8. h5 Bh7 9. Bd3 Bxd3 10. Qxd3 e6 11. Bd2 Ngf6 12. O-O-O a5 13. c4 Bb4 14.
Ne4 Nxe4 15. Qxe4 Nf6 16. Qe2 O-O 17. g4 b5 18. g5 hxg5 19. Bxg5 bxc4 20. Ne5 c3 21. h6 cxb2+ 22. Kb1 g6 23. Nxc6 Qd5 24. Bxf6 Qf5+ 25. Kxb2 Qxf6 26. Ne5 Rfc8 27. h7+ Kh8 28. Rd3 Rc7 29. Rf3 Qg7 30. Qe4 Rac8 31. Rxf7 Bc3+ 32. Ka3 Bb4+ 33. Ka4 Rxf7 34. Nxg6+ Qxg6 35. Qxg6 Rcf8 36. Qxe6 Rf3 37. Rg1 Kxh7 38. Qg6+ Kh8 39. Qh6# 1-0

[Event "*** Titled Tuesday Blitz"]
[Site "Chess.com"]
[Date "2020.01.07"]
[Round "7"]
[White "chessdjw"]
[Black "JMatias"]
[Result "1/2-1/2"]
[WhiteElo "2652"]
[BlackElo "2444"]
[TimeControl "180+2"]
[EndTime "14:35:57 PST"]
[Termination "Game drawn by repetition"]

1. d4 Nf6 2. Nf3 g6 3. g3 Bg7 4.
Bg2 O-O 5. O-O d5 6. Nbd2 c6 7.
b3 Bf5 8. Bb2 Ne4 9. c4 Qa5 10.
e3 Nxd2 11. Nxd2 Rd8 12. Qe2 Nd7 13. g4 Be6 14. f4 Nf6 15. f5 Bd7 16. g5 Ne8 17.
fxg6 fxg6 18. cxd5 cxd5 19. b4 Qb5 20. Qf2 Be6 21. Nb3 b6 22. e4 dxe4 23. h4 Nd6 24. d5 Bf5 25. Bxg7 Kxg7 26. Qb2+ Kg8 27. Qe5 Re8 28. Nd4 Qxb4 29. Rxf5 Nxf5 30. Nxf5 gxf5 31.
Qe6+ Kg7 32. Qe5+ Kg6 33. Qe6+ Kg7 34. Qe5+ Kg8 35. Qe6+ Kg7 1/2-1/2

[Event "*** Titled Tuesday Blitz"]
[Site "Chess.com"]
[Date "2020.01.07"]
[Round "7"]
[White "VFernandezB"]
[Black "szefru"]
[Result "1/2-1/2"]
[WhiteElo "2231"]
[BlackElo "2127"]
[TimeControl "180+2"]
[EndTime "14:36:01 PST"]
[Termination "Game drawn - insufficient material"]

1. e4 e5 2. Nf3 Nc6 3. Bc4 Be7 4. d4 exd4 5. Nxd4 d6 6. O-O Nf6 7. Re1 O-O 8. Nc3 a6 9. h3 Ne5 10. Be2 c5 11. Nf3 Ng6 12. a4 Qc7 13. Bc4 Be6 14.
Bxe6 fxe6 15. e5 dxe5 16. Qe2 Nd7 17. Qc4 Qc6 18. Bg5 Rxf3 19. Bxe7 Rxc3 20. Qxc3 Nxe7 21. Rad1 Nd5 22. Qg3 Rf8 23. c4 Nf4 24. b3 Rf6 25. Qf3 Qxf3 26. gxf3 Nf8 27. Rd8 Nxh3+ 28. Kg2 Ng5 29.
Rxe5 Nxf3 30. Rxc5 Kf7 31. Rc7+ Kg6 32. Rxb7 e5 33.
c5 Nd4 34. Rd6 Rxd6 35. cxd6 Kf6 36. d7 Nde6 37. Ra7 Nxd7 38. Rxd7 Nc5 39. Rd6+ Kf5 40. a5 Nxb3 41. Rxa6 h5 42. Rb6 Nxa5 43. f3 Nc4 44. Rb5 Ne3+ 45. Kg3 g5 46. Rb4 h4+ 47. Kh3 Nd5 48.
Re4 Nf4+ 49. Kh2 g4 50. Re3 g3+ 51. Kg1 h3 52. Ra3 h2+ 53. Kh1 Nh3 54. Kg2 Nf2 55. Ra1 h1=Q+ 56. Rxh1 Nxh1 57. Kxh1 Kf4 58. Kg2 e4 59.
fxe4 Kxe4 60. Kxg3 1/2-1/2

[Event "*** Titled Tuesday Blitz"]
[Site "Chess.com"]
[Date "2020.01.07"]
[Round "7"]
[White "albano87"]
[Black "ValeriyGrinev"]
[Result "1-0"]
[WhiteElo "2119"]
[BlackElo "2536"]
[TimeControl "180+2"]
[EndTime "14:36:03 PST"]
[Termination "albano87 won by checkmate"]

1. d4 f5 2. Nf3 Nf6 3. g3 g6 4. Bg2 Bg7 5. O-O O-O 6. c4 d6 7.
Nc3 c6 8. Bg5 Ne4 9. Bf4 h6 10.
Nxe4 fxe4 11. Nd2 d5 12. cxd5 cxd5 13. Qb3 e6 14. f3 Nc6 15. e3 g5 16. Be5 Nxe5 17.
dxe5 exf3 18. Nxf3 Qb6 19. Qd3 Bd7 20. Nd4 Qd8 21.
Rxf8+ Qxf8 22. Bh3 Qe8 23. Rf1 Bxe5 24. e4 Rd8 25. exd5 exd5 26. Nf5 Qh5 27. Qxd5+ Qf7 28. Nxh6+ Kg7 29. Qxf7+ Kxh6 30. Bxd7 Bd4+ 31. Kg2 g4 32. Bf5 Rd6 33. Qh7+ Kg5 34. Rf4 Kf6 35. Bxg4+ Ke5 36. Qe4# 1-0

[Event "*** Titled Tuesday Blitz"]
[Site "Chess.com"]
[Date "2020.01.07"]
[Round "7"]
[White "Rainbow2014"]
[Black "AndrewDGreen"]
[Result "1-0"]
[WhiteElo "2264"]
[BlackElo "2192"]
[TimeControl "180+2"]
[EndTime "14:36:05 PST"]
[Termination "Rainbow2014 won on time"]

1. e4 c5 2. Nf3 g6 3. d4 cxd4 4. Nxd4 Nc6 5. Nc3 Bg7 6. Be3 Nf6 7. Bc4 O-O 8. O-O Nxe4 9. Nxe4 d5 10. Nxc6 bxc6 11.
Bd3 dxe4 12. Bxe4 Bxb2 13. Rb1 Rb8 14. Bxa7 Rb7 15. Bc5 Qc7 16. Qf3 Be5 17. Bxc6 Rxb1 18. Rxb1 Bxh2+ 19. Kh1 Be5 20. a4 Bf5 21. Bb6 Qd6 22.
Be4 Bxe4 23. Qxe4 Qf6 24. a5 Qg5 25. g3 Bd6 26. a6 h5 27. a7 h4 28. a8=Q hxg3 29.
Qaa4 Kg7 30. Kg2 Rh8 31. Bd4+ f6 32. Bxf6+ Qxf6 33. fxg3 Rh2+ 34. Kxh2 Qf2+ 35. Qg2 Bxg3+ 36. Kh1 1-0

[Event "*** Titled Tuesday Blitz"]
[Site "Chess.com"]
[Date "2020.01.07"]
[Round "7"]
[White "Colombiano07"]
[Black "TwentyHoursADay"]
[Result "0-1"]
[WhiteElo "2173"]
[BlackElo "2391"]
[TimeControl "180+2"]
[EndTime "14:36:08 PST"]
[Termination "TwentyHoursADay won by resignation"]

1. d4 Nf6 2. Nf3 g6 3. b3 Bg7 4.
Bb2 O-O 5. g3 d6 6. Bg2 Nbd7 7.
O-O Rb8 8. c4 a6 9. Nc3 b5 10.
Qc2 c5 11. cxb5 axb5 12. a4 bxa4 13. bxa4 c4 14. e4 Ba6 15. Rfb1 Qa5 16. e5 dxe5 17. dxe5 Ng4 18. e6 fxe6 19. Nb5 Nde5 20. Nxe5 Nxe5 21. Bc3 Qd8 22. Qb2 Nd3 23. Qe2 e5 24. Qe4 Rc8 25. Ra2 Qd7 26. Rd1 Qf5 27. Qxf5 gxf5 28. Bd5+ Kh8 29. Bxc4 Rxc4 30. Rxd3 Rfc8 31. Ba5 Bb7 32.
Rd7 Rc1+ 0-1

[Event "*** Titled Tuesday Blitz"]
[Site "Chess.com"]
[Date "2020.01.07"]
[Round "7"]
[White "Dynamikus"]
[Black "Fandorin779"]
[Result "1-0"]
[WhiteElo "2595"]
[BlackElo "2339"]
[TimeControl "180+2"]
[EndTime "14:36:09 PST"]
[Termination "Dynamikus won on time"]

1. d4 d5 2. c4 dxc4 3. e3 Nf6 4. Bxc4 e6 5. Nf3 c5 6. O-O a6 7. Bb3 b5 8. a4 b4 9. Nbd2 Bb7 10. Re1 Nbd7 11.
e4 cxd4 12. e5 Nd5 13. Nc4 Be7 14. a5 O-O 15. Qxd4 Rc8 16. Qg4 Nc5 17. Bh6 g6 18. Bxf8 Bxf8 19. Bc2 b3 20. Bb1 Nb4 21. Nb6 h5 22.
Qxb4 Nd3 23. Qd2 Nxe1 24. Qxe1 Bb4 25. Qf1 Rc5 26. Bd3 Bxa5 27. Nc4 Bb4 28. Qe2 a5 29. Nd6 Ba8 30. h3 Rd5 31. Be4 Rc5 32. Bxa8 Qxa8 33.
Qe3 a4 34. Qf4 1-0

[Event "*** Titled Tuesday Blitz"]
[Site "Chess.com"]
[Date "2020.01.07"]
[Round "7"]
[White "IMRosen"]
[Black "MathiasWomacka"]
[Result "1/2-1/2"]
[WhiteElo "2573"]
[BlackElo "2373"]
[TimeControl "180+2"]
[EndTime "14:36:17 PST"]
[Termination "Game drawn by agreement"]

1. d4 Nf6 2. Bf4 c5 3. e3 e6 4. Nf3 d5 5. Nc3 Bd6 6. Bxd6 Qxd6 7. dxc5 Qxc5 8. Bd3 O-O 9. O-O Nc6 10. e4 d4 11. Ne2 e5 12. Ng3 Be6 13. Ng5 Bg4 14.
Nf3 Nh5 15. Nxh5 Bxh5 16. h3 Rac8 17. g4 Bg6 18. Qe2 Nb4 19. a3 Nxd3 20. cxd3 f6 21. Qd2 Bf7 22. Rfc1 Qb6 23. Nh4 g6 24. Nf3 Be6 25. Rxc8 Rxc8 26. Rc1 Rc5 27. b4 Rc6 28. Rc2 Qc7 29. Ne1 Bb3 30. Rxc6 Qxc6 31. Kf1 Kg7 32. Ke2 g5 33. Qb2 Be6 34. Nf3 h5 35. Nh2 Qc8 36. f3 h4 37. Nf1 Qc6 38. Nd2 Kf7 39. Kd1 Ke7 40. Qc2 Qxc2+ 41. Kxc2 Kd6 42.
Kb2 Kc6 43. Nc4 Bxc4 44. dxc4 b6 45. Kc2 1/2-1/2

[Event "*** Titled Tuesday Blitz"]
[Site "Chess.com"]
[Date "2020.01.07"]
[Round "7"]
[White "Ray_Yang"]
[Black "arminmusovic"]
[Result "0-1"]
[WhiteElo "2270"]
[BlackElo "2500"]
[TimeControl "180+2"]
[EndTime "14:36:20 PST"]
[Termination "arminmusovic won by resignation"]

1. d4 d5 2. a3 c5 3. dxc5 e6 4.
b4 a5 5. c3 axb4 6. cxb4 Qf6 7.
Ra2 Nc6 8. Bb2 Qg6 9. Ra1 Nf6 10. e3 Be7 11. Nf3 O-O 12. Nbd2 Ne4 13. Nxe4 dxe4 14.
Nd4 Ne5 15. g3 Rd8 16. Be2 b6 17. cxb6 Bb7 18. O-O Nf3+ 19. Bxf3 exf3 20. Re1 e5 21. Qc2 Qg4 22. Qf5 Qe4 23. Qxe4 Bxe4 24. Nb5 Rab8 25. Bxe5 Rxb6 26. Nd4 Rd5 27. Bc7 Rh6 28. Rec1 Rdh5 29. h4 g5 30. Be5 f6 31. Rc8+ Kf7 32.
Bb8 gxh4 33. g4 Rg6 34. Kh2 Rxg4 35. Rg1 Rxg1 36. Kxg1 Rg5+ 37. Kf1 h3 38. Ke1 Rg2 39. a4 Bxb4+ 40. Kd1 Rxf2 41. Nc6 Rd2+ 42. Kc1 Rc2+ 43. Kd1 Rxc6 0-1

[Event "*** Titled Tuesday Blitz"]
[Site "Chess.com"]
[Date "2020.01.07"]
[Round "7"]
[White "liczner"]
[Black "Zavgorodniy_Serg"]
[Result "1-0"]
[WhiteElo "2797"]
[BlackElo "2606"]
[TimeControl "180+2"]
[EndTime "14:36:22 PST"]
[Termination "liczner won by resignation"]

1. e4 e5 2. Nf3 d6 3. d4 exd4 4. Nxd4 Nf6 5. Nc3 Be7 6. Be2 O-O 7. O-O Re8 8. f4 Bf8 9. Bf3 c6 10. Kh1 Nbd7 11. Re1 Qc7 12. Be3 Nc5 13. Bf2 a5 14. a4 Nfd7 15. Nb3 Nxb3 16. cxb3 Nc5 17. Bxc5 dxc5 18.
e5 Be6 19. Qc2 Rad8 20. f5 Bc8 21. f6 g6 22. Qe4 Rd4 23. Qe3 Bf5 24. Rad1 Red8 25.
Qf2 Qb6 26. Rxd4 cxd4 27. Bd1 Qc5 28. Ne4 Qxe5 29. Ng3 Qxf6 30. Bg4 d3 31. Nxf5 gxf5 32. Bxf5 Kh8 33. Rd1 d2 34. g4 Qxb2 35. Qh4 1-0

[Event "*** Titled Tuesday Blitz"]
[Site "Chess.com"]
[Date "2020.01.07"]
[Round "7"]
[White "AlexTriapishko"]
[Black "Ar4uha"]
[Result "1-0"]
[WhiteElo "2851"]
[BlackElo "2608"]
[TimeControl "180+2"]
[EndTime "14:36:23 PST"]
[Termination "AlexTriapishko won by resignation"]

1. Nf3 Nf6 2. g3 e6 3. Bg2 d5 4. O-O Be7 5. b3 O-O 6. Bb2 c5 7. c4 Nc6 8. cxd5 Nxd5 9. d4 cxd4 10. Nxd4 Bf6 11. Nxc6 bxc6 12. Qc2 Ba6 13. Bxf6 Qxf6 14.
Nd2 Qc3 15. Rfc1 Qxc2 16. Rxc2 Bxe2 17. Rxc6 a5 18. Re1 Nb4 19. Rxe2 Nxc6 20. Bxc6 Rac8 21. Bf3 Rc2 22. Nc4 Rc1+ 23. Kg2 a4 24. Rb2 axb3 25. axb3 Rb8 26. Ne5 f6 27. Nc6 Rb6 28. Nd4 Kf7 29.
Ra2 Rc7 30. Be2 Rd7 31. Ra4 Kg6 32. Nb5 Rdb7 33. Ra5 Rd7 34. Bc4 Rd2 35. Nc3 f5 36. Re5 Kf6 37. Re3 g5 38. h3 h5 39. g4 hxg4 40.
hxg4 Rbd6 41. Nb5 Rb6 42. Nc7 fxg4 43. Bxe6 Rbd6 44. Ne8+ Kg6 45. Nxd6 Rxd6 46. Bxg4 Kf6 47. Be2 Kf5 48. Bc4 Kf4 49. Rg3 g4 50. Be2 1-0

[Event "*** Titled Tuesday Blitz"]
[Site "Chess.com"]
[Date "2020.01.07"]
[Round "7"]
[White "Bad4life"]
[Black "Gnechko_Ruslan"]
[Result "0-1"]
[WhiteElo "2331"]
[BlackElo "2496"]
[TimeControl "180+2"]
[EndTime "14:36:23 PST"]
[Termination "Gnechko_Ruslan won on time"]

1. e4 c5 2. Nf3 d6 3. Bb5+ Nc6 4. Ba4 g6 5. O-O Bg7 6. Re1 Bd7 7. c3 Nf6 8. d4 O-O 9. h3 a6 10. Bg5 b5 11. Bb3 Na5 12. Bc2 cxd4 13. cxd4 Rc8 14. e5 dxe5 15. dxe5 Ne8 16. Nc3 Nc7 17. b4 Nc4 18.
Qe2 Ne6 19. Bh4 Bc6 20. Rad1 Qc7 21. Be4 Rfd8 22. Bxc6 Qxc6 23. Bxe7 Rxd1 24. Rxd1 Nxe5 25. Nd5 Nxf3+ 26. Qxf3 Nd4 27. Qe4 f5 28. Bf6 fxe4 29. Ne7+ Kf7 30. Nxc6 Nxc6 31. Bg5 Nd4 32. Be3 Rc4 33.
a3 Ke6 34. f3 exf3 35. gxf3 Nxf3+ 36. Kf2 Ne5 37. Rd8 Bf6 38. Re8+ Kf5 39. Rf8 Rc2+ 40. Kf1 Rc3 0-1

[Event "*** Titled Tuesday Blitz"]
[Site "Chess.com"]
[Date "2020.01.07"]
[Round "7"]
[White "TigrVShlyape"]
[Black "ExploringChess"]
[Result "0-1"]
[WhiteElo "2804"]
[BlackElo "2625"]
[TimeControl "180+2"]
[EndTime "14:36:26 PST"]
[Termination "ExploringChess won on time"]

1. d4 g6 2. Nf3 Bg7 3. c3 d5 4. Bf4 c5 5. e3 Nf6 6. Nbd2 Nc6 7. dxc5 O-O 8. Rc1 a5 9. Bb5 Nd7 10. Nb3 a4 11. Nbd4 Nxc5 12. O-O Bd7 13. c4 Nxd4 14. exd4 Bxb5 15. cxb5 Ne6 16. Be5 Qb6 17. Bxg7 Kxg7 18. Qe2 Ra5 19. Qe5+ Kg8 20. Qxd5 Rxb5 21. Qd7 Rxb2 22.
Qxa4 Nf4 23. Rce1 e6 24. Re3 Ne2+ 25. Kh1 Rb1 26. Rd1 Qc6 27. Rxb1 Qxa4 28. Rxe2 b5 29. Reb2 Rc8 30. h4 Rc2 31. Kg1 Rxb2 32. Rxb2 Qc4 33.
Kh2 h6 34. a3 Kg7 35. Rb4 Qd3 36. a4 bxa4 37. Rxa4 Qc2 38. Ra7 Qxf2 39. Kh3 Qe3 40. Kh2 Qf4+ 41. Kh1 g5 42. hxg5 hxg5 0-1

[Event "*** Titled Tuesday Blitz"]
[Site "Chess.com"]
[Date "2020.01.07"]
[Round "7"]
[White "Chimpinha"]
[Black "korbul"]
[Result "1-0"]
[WhiteElo "2395"]
[BlackElo "2586"]
[TimeControl "180+2"]
[EndTime "14:36:26 PST"]
[Termination "Chimpinha won by resignation"]

1. d4 Nf6 2. c4 e6 3. Nc3 Bb4 4. Nf3 c5 5. g3 O-O 6. Bg2 d5 7.
dxc5 dxc4 8. O-O Nc6 9. Qa4 Qa5 10. Qxa5 Nxa5 11. Be3 Nd7 12. Na4 c3 13. bxc3 Ba3 14. Rab1 Nc4 15. Bc1 Bxc5 16. Nxc5 Nxc5 17. Nd2 Nb6 18.
Ba3 Nba4 19. Rb5 Nd7 20. Bxf8 Nxc3 21. Rb2 Nxe2+ 22. Kh1 Nxf8 23. Rfb1 Nc3 24. Rc1 Nd5 25. Ne4 Nb6 26. Nd6 Bd7 27. Nxb7 Ba4 28. Nc5 Rd8 29.
Nxa4 Nxa4 30. Rbc2 Nb6 31. Rc7 a5 32. Ra7 Nd5 33. Rxa5 Ng6 34. Bxd5 exd5 35. Rd1 d4 36. Ra4 d3 37. f4 h5 38. Ra3 d2 39. Rc3 Ne7 40. Rc2 Nf5 41. Rcxd2 Re8 42. Rd8 Kf8 43. Rxe8+ Kxe8 44. a4 1-0